 Dungeon Sprint DCSS version 0.29-a0-409-gd843f3a48c (webtiles) character file.

Game seed: 2835474970940801578

296 mhtbhm the Basher (level 6, -2/46 HPs)
             Began as a Gargoyle Berserker on May 14, 2022.
             Was a Believer of Trog.
             Slain by a yak (9 damage)
             ... in the Dungeon (Sprint I: "Red Sonja").
             The game lasted 00:00:23 (428 turns).

mhtbhm the Basher (Gargoyle Berserker)               Turns: 428, Time: 00:00:24

Health: -2/46      AC:  6    Str: 23    XL:     6   Next: 34%
Magic:  6/6        EV: 12    Int:  7    God:    Trog [**....]
Gold:   330        SH:  0    Dex:  9    Spells: 5/5 levels left

rFire   . . .      SeeInvis .   a - +0 mace
rCold   . . .      Faith    .   (no shield)
rNeg    + . .      Spirit   .   b - +0 animal skin
rPois   ∞          Reflect  .   (no helmet)
rElec   +          Harm     .   (no cloak)
rCorr   .          Rampage  .   (no gloves)
Will    .....      NoTele   +   (no boots)
Stlth   +.........              (no amulet)
HPRegen 0.15/turn               (no ring)
MPRegen 0.10/turn               (no ring)

@: no status effects
A: sickness immunity, AC +4, negative energy resistance 1, electricity
resistance, torment resistance 1, petrification resistance
a: Renounce Religion, Berserk, Trog's Hand


You were in the Dungeon.
You worshipped Trog.
Trog was pleased with you.
You visited 1 branch You collected 330 gold pieces.

Inventory:

Hand Weapons
 a - a +0 mace (weapon)
Armour
 b - a +0 animal skin (worn)
Wands
 i - a wand of flame (21)
Scrolls
 h - a scroll of blinking
Potions
 c - a potion of curing
 d - a potion of heal wounds
 e - a potion of haste
 f - 2 potions of magic
 g - a potion of berserk rage
 j - a potion of lignification {unknown}
 k - a potion of brilliance {unknown}


   Skills:
 + Level 9.0 Fighting
 + Level 9.1 Maces & Flails
 + Level 5.0 Armour
 + Level 3.7 Dodging


You had 5 spell levels left.
You didn't know any spells.
Your spell library was empty.

Dungeon Overview and Level Annotations

Branches:
Dungeon (1/1)

Altars:
Cheibriados
Dithmenos
Elyvilon
Fedhas
Hepliaklqana
Kikubaaqudgha
Okawaru
Qazlal
Ru
Sif Muna
Trog
Uskayaw
Vehumet
Wu Jian
Yredelemnul
Zin
The Shining One

Shops:
D =


Innate Abilities, Weirdness & Mutations

You are immune to sickness and miasma.
Your stone body is resilient. (AC +4)
You are immune to poison.
You resist negative energy. (rN+)
You are resistant to electric shocks. (rElec)
You are resistant to unholy torment.
You are immune to petrification.


Message History

Found 19 gold pieces.
There is an open door here.
You now have 195 gold pieces (gained 19).
There is an open door here.
There is a shimmering blue altar of Sif Muna here.
You open the door.
Found 135 gold pieces.
There is an open door here.
You now have 222 gold pieces (gained 27).
You now have 249 gold pieces (gained 27).
You now have 276 gold pieces (gained 27).
You now have 303 gold pieces (gained 27).
You now have 330 gold pieces (gained 27).
There is an open door here.
You open the door.
A yak comes into view.
Found Umaez's Jewellery Emporium.
Found fourteen altars.
You sock the yak!
The yak is lightly wounded.
The yak gores you!
You sock the yak!
The yak is heavily wounded.
The yak gores you but does no damage.
You hit the yak.
The yak is heavily wounded.
The yak closely misses you.
You hit the yak.
The yak is severely wounded.
The yak gores you.
You hit the yak.
The yak is severely wounded.
The yak gores you!
You hit the yak but do no damage.
The yak is severely wounded.
The yak gores you!
* * * LOW HITPOINT WARNING * * *
You barely miss the yak.
The yak is severely wounded.
The yak gores you!
You die...

################
#<.#..)..#..'..#
#..)..#..').#..+
#..#####'#####'#
#..# #..#...#.#
#..#__####..##.#
#..#_____##'#_.+
#⌠⌠#_.∩...Y@.._#
####_..__##_.#'#
___ ##+#.# # ###


You could see a yak.

Vanquished Creatures
  Sigmund (D)
  An ogre (D)
  A jelly (D)
  Ijyb (D)
4 creatures vanquished.

Notes
Turn   | Place    | Note
-------+----------+-------------------------------------------
     0 | D        | mhtbhm the Gargoyle Berserker began the quest for the Orb.
     0 | D        | Reached XP level 1. HP: 14/14 MP: 1/1
     2 | D        | Noticed Ijyb
    12 | D        | Killed Ijyb
    13 | D        | Reached skill level 5 in Fighting
    13 | D        | Reached XP level 2. HP: 17/21 MP: 2/2
    13 | D        | Reached XP level 3. HP: 21/26 MP: 3/3
   150 | D        | Noticed an ogre
   156 | D        | Killed an ogre
   157 | D        | Reached XP level 4. HP: 32/32 MP: 4/4
   232 | D        | Noticed Sigmund
   238 | D        | Killed Sigmund
   238 | D        | Reached ** piety under Trog
   239 | D        | Reached XP level 5. HP: 40/40 MP: 5/5
   239 | D        | Reached XP level 6. HP: 45/45 MP: 6/6
   381 | D        | Found an ornate altar of the Wu Jian Council.
   381 | D        | Found a shimmering blue altar of Sif Muna.
   383 | D        | Found a radiant altar of Vehumet.
   388 | D        | Reached skill level 5 in Armour
   421 | D        | Found Umaez's Jewellery Emporium.
   421 | D        | Found an ancient bone altar of Kikubaaqudgha.
   421 | D        | Found a hazy altar of Hepliaklqana.
   421 | D        | Found a stormy altar of Qazlal.
   421 | D        | Found a hide-covered altar of Uskayaw.
   421 | D        | Found a blossoming altar of Fedhas.
   421 | D        | Found a bloodstained altar of Trog.
   421 | D        | Found an iron altar of Okawaru.
   421 | D        | Found a basalt altar of Yredelemnul.
   421 | D        | Found a glowing golden altar of the Shining One.
   421 | D        | Found a snail-covered altar of Cheibriados.
   421 | D        | Found a sacrificial altar of Ru.
   421 | D        | Found a glowing silver altar of Zin.
   421 | D        | Found a shadowy altar of Dithmenos.
   421 | D        | Found a white marble altar of Elyvilon.
   421 | D        | Noticed a yak
   428 | D        | Slain by a yak

Illustrated notes

Levels and vault maps discovered:
D:        dungeon_sprint_1 [red_sonja_temple_1, red_sonja_temple_small_1]

Skill      XL: |  1  2  3  4  5  6 |
---------------+-------------------+-----
Fighting       | 5 6 8 9 |  9.0
Maces & Flails | 4 6 8 9 |  9.1
Dodging        | 2 3 |  3.7
Armour         | 3 4 5 |  5.0

Action                   |  1- 3 |  4- 6 || total
-------------------------+-------+-------++-------
Melee: Mace              |    14 |    14 ||    28
Invok: Berserk           |     2 |     1 ||     3
Armor: Animal skin       |       |     3 ||     3
Dodge: Dodged            |     3 |     2 ||     5

Table legend: (Time is in decaauts)
 A = Elapsed time spent in this place.
 B = Non-inter-level travel time spent in this place.
 C = Inter-level travel time spent in this place.
 D = Time resting spent in this place.
 E = Time spent auto-exploring this place.
 F = Levels seen in this place.
 G = Mean time per level.
                   A        B        C        D        E       F      G
               +--------+--------+--------+--------+--------+-----+--------+
         Total |    459 |    459 |      0 |    358 |      0 |   1 |  459.0 |
       Dungeon |    459 |    459 |      0 |    358 |      0 |   1 |  459.0 |
               +--------+--------+--------+--------+--------+-----+--------+

Top non-repeatable levels by time:
       D: 459 daAuts
